 Dungeon Crawl Stone Soup version 0.28.0-47-ge53b351184 (webtiles) character file.

Game seed: 16325359005250202353

2079 101zpm the Thaumaturge (level 9, -8/56 HPs)
             Began as a Djinni Fire Elementalist on Apr 30, 2022.
             Mangled by a two-headed ogre
             ... wielding a +0 dire flail
              (12 damage)
             ... on level 6 of the Dungeon.
             The game lasted 00:14:40 (7674 turns).

101zpm the Thaumaturge (Djinni Fire Elementalist)   Turns: 7674, Time: 00:14:41

Health: -8/56      AC:  2    Str:  7    XL:     9   Next: 51%
Gold:   243        EV: 20    Int: 22    God:
                   SH:  0    Dex: 18

rFire   . . .      SeeInvis .   (weapon currently unavailable)
rCold   . . .      Faith    .   (shield currently unavailable)
rNeg    . . .      Spirit   .   (armour currently unavailable)
rPois   ∞          Reflect  .   (helmet currently unavailable)
rElec   .          Harm     .   (cloak currently unavailable)
rCorr   .          Rampage  .   (gloves currently unavailable)
Will    .....                   (boots unavailable)
Stlth   ++........              (no amulet)
HPRegen 0.18/turn               (no ring)
MPRegen 0.00/turn               (no ring)

@: spider-form, flying
A: venomous fangs, flying, sickness immunity, tiny, (fire resistance 2), (cold
vulnerability 1), float, innate caster, HP casting, extra vitality 1
a: End Transformation


You were on level 6 of the Dungeon.
You were a venomous arachnid creature.
You visited 1 branch of the dungeon, and saw 6 of its levels.
You also visited: Sewer.

You collected 243 gold pieces.

Inventory:

Hand Weapons
 h - a +3 short sword
 k - the +9 long sword "Vupra Bica" (melded) {vorpal, rC+ Int+5}
   (You found it on level 3 of the Dungeon)

   It inflicts extra damage upon your enemies.
   Int:       It affects your intelligence (+5).
   rC:        It protects you from cold.
Missiles
 q - a curare-tipped dart
 r - 8 poisoned darts
Armour
 a - a +0 robe (melded)
 s - a +0 helmet (melded)
 t - a +2 robe of willpower
Wands
 l - a wand of acid (8)
Scrolls
 f - 4 scrolls of teleportation
 g - a scroll of noise
 i - a scroll of enchant armour
 j - 3 scrolls of identify
 m - 2 scrolls of summoning {unknown}
 n - a scroll of fog {unknown}
 o - a scroll of acquirement {unknown}
 p - 2 scrolls of fear {unknown}
Potions
 b - 2 potions of curing {unknown}
 c - 2 potions of degeneration {unknown}
 d - 2 potions of might {unknown}
 e - 2 potions of haste {unknown}
 u - 2 potions of heal wounds {unknown}


   Skills:
 + Level 0.7 Fighting
 + Level 3.0 Dodging
 + Level 2.9 Stealth
 + Level 9.1 Spellcasting


You had 4 spell levels left.
You knew the following spells:

 Your Spells              Type           Power      Damage    Failure   Level
a - Foxfire               Conj/Fire      100%       2x1d9     1%          1
b - Scorch                Fire           100%       2d10      2%          2
c - Conjure Flame         Conj/Fire      50%        6-21      3%          3
d - Inner Flame           Hex/Fire       50%        N/A       3%          3
e - Flame Wave            Conj/Fire      50%        2d10      7%          4
f - Animate Skeleton      Necr           100%       N/A       1%          1
g - Blink                 Tloc           100%       N/A       2%          2
h - Portal Projectile     Hex/Tloc       100%       N/A       3%          3
i - Spider Form           Tmut/Pois      50%        N/A       3%          3
Your spell library was empty.

Dungeon Overview and Level Annotations

Branches:
Dungeon (6/15)              Sewer (visited)
 Temple: D:4-7

Altars:
Nemelex Xobeh

Shops:
D:5 *


Innate Abilities, Weirdness & Mutations

You are a venomous arachnid creature.
You have poisonous fangs.
You are tiny and dextrous.
You are flying.
Your spellcasting is less reliable in this form.
Your armour is entirely melded.
You are incapable of wielding weapons or throwing items.
You are immune to sickness and miasma.
You are immune to poison.
((Your flesh is very heat resistant. (rF++)))
((You are vulnerable to cold. (rC-)))
You float through the air rather than walking.
You learn spells naturally, not from books.
Your magical power is your life essence.
You have superior vitality. (+4 MHP)


Message History

The orc shouts! x2
An orc comes into view. It is wielding a +0 whip.
The orc misses you.
The orc moves out of view.
An orc comes into view. It is wielding a +0 falchion.
The orc hits you but does no damage.
The orc shouts!
The orc hits you with a +0 whip.
* * * LOW HITPOINT WARNING * * *
The orc hits you with a +0 mace.
* * * LOW HITPOINT WARNING * * *
You see here a +0 club.
The two-headed ogre barely misses you. x2
A hound comes into view.
You are too injured to fight recklessly!
Casting: Foxfire (safe; 1% risk of failure)
Press: ? - help, Q - select action, (/) - cycle Dir - look around, f - activate You conjure some foxfire!
The hound barks!
* * * LOW HITPOINT WARNING * * *
The two-headed ogre's inner flame fades away.
Casting: Foxfire (safe; 1% risk of failure)
Confirm with . or Enter, or press ? or * to list all spells.
You turn into a venomous arachnid creature.
The +9 long sword "Vupra Bica" {vorpal, rC+ Int+5} melds into your body.
Your +0 helmet melds into your body.
Your +0 robe melds into your body.
* * * LOW HITPOINT WARNING * * *
The foxfire hits the two-headed ogre.
The two-headed ogre is lightly wounded.
The hound bites you.
* * * LOW HITPOINT WARNING * * *
The hound bites you.
* * * LOW HITPOINT WARNING * * *
The foxfire hits the two-headed ogre but does no damage.
The two-headed ogre is lightly wounded.
You hit the hound.
The hound is lightly wounded.
The hound closely misses you.
The two-headed ogre completely misses you.
The two-headed ogre hits you with a +0 giant spiked club!
You die...

#...#.#..#######.# .
#..##.#.o# #.# ..
#.....o..# #O##.
##.#.....o..# #.?..
.....###o##.# #.###
##..###.##.# #.#
#....o.##.#######.#
.###.###O.##<....O...#
......hs.........#####
####<####........#
##########


You could see a two-headed ogre, a hound and 4 orcs.

Vanquished Creatures
  Pikel (D:5)
  Grinder (D:3)
  Eustachio (D:4)
  4 ogres
  A necrophage (D:3)
  5 kobold brigands (Sewer)
  2 lemures (D:5)
  Blork the orc (D:5)
  A water moccasin skeleton (D:5)
  A howler monkey (D:6)
  A bullfrog zombie (D:6)
  2 hounds (D:4)
  An orc priest (D:3)
  2 iguanas
  2 orc wizards (D:5)
  3 adders (Sewer)
  A river rat (Sewer)
  An adder zombie (D:5)
  2 adder skeletons
  5 worms
  11 orcs
  9 ball pythons
  11 endoplasms
  9 giant cockroaches
  3 goblins
  5 hobgoblins
  7 kobolds
  5 quokkas (D:4)
  A frilled lizard (D:1)
  10 rats
109 creatures vanquished.

Vanquished Creatures (others)
  605 foxfires
605 creatures vanquished.

Grand Total: 714 creatures vanquished

Notes
Turn   | Place    | Note
-------+----------+-------------------------------------------
     0 | D:1      | 101zpm the Djinni Fire Elementalist began the quest for the
                  | Orb.
     0 | D:1      | Reached XP level 1. HP: 15/15 MP: 0/0
   242 | D:1      | Found a faded altar of an unknown god.
   473 | D:1      | Reached XP level 2. HP: 13/21 MP: 0/0
  1385 | D:1      | Reached skill level 3 in Spellcasting
  1385 | D:1      | Reached XP level 3. HP: 19/25 MP: 0/0
  1385 | D:1      | Learned a level 1 spell: Animate Skeleton
  1793 | D:3      | Noticed a necrophage
  1802 | D:3      | Killed a necrophage
  1803 | D:3      | Reached XP level 4. HP: 19/31 MP: 0/0
  1803 | D:3      | Reached XP level 5. HP: 22/35 MP: 0/0
  1803 | D:3      | Learned a level 2 spell: Blink
  1932 | D:3      | Reached skill level 4 in Spellcasting
  2839 | D:3      | Noticed Grinder
  2887 | D:3      | Identified the +9 long sword "Vupra Bica" {vorpal, rC+
                  | Int+5}
  2969 | D:3      | Killed Grinder
  2970 | D:3      | Reached skill level 5 in Spellcasting
  2970 | D:3      | Reached XP level 6. HP: 18/40 MP: 0/0
  2970 | D:3      | Reached XP level 7. HP: 21/45 MP: 0/0
  2970 | D:3      | Learned a level 3 spell: Portal Projectile
  3184 | D:3      | Found a sparkling altar of Nemelex Xobeh.
  3639 | D:4      | Found a glowing drain.
  3703 | Sewer    | Entered a sewer
  4361 | Sewer    | Reached skill level 6 in Spellcasting
  5131 | Sewer    | Reached XP level 8. HP: 29/50 MP: 0/0
  5876 | D:4      | Reached skill level 7 in Spellcasting
  6302 | D:5      | Entered Level 5 of the Dungeon
  6307 | D:5      | Noticed Blork the orc
  6310 | D:5      | Killed Blork the orc
  6795 | D:5      | Noticed Eustachio
  6807 | D:4      | Killed Eustachio
  6808 | D:4      | Reached skill level 8 in Spellcasting
  6808 | D:4      | Reached XP level 9. HP: 48/56 MP: 0/0
  6808 | D:4      | Learned a level 3 spell: Spider Form
  7051 | D:5      | Noticed Pikel
  7062 | D:5      | Killed Pikel
  7063 | D:5      | Reached skill level 9 in Spellcasting
  7364 | D:5      | Found Mumon's Assorted Antiques.
  7611 | D:6      | Noticed a two-headed ogre
  7641 | D:6      | Noticed a two-headed ogre
  7674 | D:6      | Mangled by a two-headed ogre

Illustrated notes

Levels and vault maps discovered:
D:1:      lightli_arrival_maybe_door_vault, layout_rooms,
          basic_ecumenical_altar, minmay_hexomino_p4
D:2:      layout_loops_ring, basic_altar
D:3:      minmay_bubble_buster, layout_rooms, lemuel_round_altar, uniq_grinder
D:4:      layout_basic, portal_sewer_entry_f, hex_tiny
D:5:      layout_rooms, serial_shops, shop, st_stairs_4, uniq_pikel,
          uniq_blork_the_orc, uniq_eustachio
D:6:      layout_loops_ring, nicolae_overflow_crystal_walls,
          minmay_temple_entry_hall, hangedman_minor_gate_pass

Skill      XL: |  1  2  3  4  5  6  7  8  9 |
---------------+----------------------------+-----
Spellcasting   | 3 5 6 8 9 |  9.1
Stealth        | 2 |  2.9
Dodging        | 3 |  3.0
Fighting       | |  0.7

Action                   |  1- 3 |  4- 6 |  7- 9 || total
-------------------------+-------+-------+-------++-------
Melee: Unarmed           |       |       |     1 ||     1
 Cast: Foxfire           |    94 |    73 |   218 ||   385
       Inner Flame       |       |     4 |    49 ||    53
       Scorch            |       |     2 |     1 ||     3
       Blink             |       |       |     1 ||     1
       Spider Form       |       |       |     1 ||     1
  Use: Scroll            |       |       |     3 ||     3
Armor: Robe              |     1 |       |     4 ||     5
Dodge: Dodged            |     1 |     7 |    17 ||    25
